 Dungeon Crawl Stone Soup version 0.30-a0-728-gc68057be0a (webtiles) character file.

Game seed: 11480790487469131716

79 avis the Shooter (level 3, -2/29 HPs)
             Began as a Demigod Hunter on Jan 31, 2023.
             Slain by a howler monkey (5 damage)
             ... on level 4 of the Dungeon.
             The game lasted 00:07:28 (2396 turns).

avis the Shooter (Demigod Hunter)                   Turns: 2396, Time: 00:07:28

Health: -2/29      AC:  3    Str: 12    XL:     3   Next: 97%
Magic:  6/6        EV: 13    Int: 11    God:
Gold:   66         SH:  0    Dex: 21    Spells: 1/3 levels left

rFire   + . .      SeeInvis .    a - +0 shortbow
rCold   + . .      Faith    .    (shield currently unavailable)
rNeg    . . .      Spirit   .    c - +0 leather armour
rPois   .          Reflect  .    (no helmet)
rElec   .          Harm     .    k - scarf {rC+ rF+}
rCorr   .          Rampage  .    (no gloves)
Will    .....                    (no boots)
Stlth   ++                       (no amulet)
HPRegen 0.24/turn                (no ring)
MPRegen 0.10/turn                (no ring)

@: no status effects
A: high MP 1, forlorn, divine attributes
a: no special abilities


You were on level 4 of the Dungeon.
You visited 1 branch of the dungeon, and saw 4 of its levels.

You collected 66 gold pieces.

Inventory:

Hand Weapons
 a - a +0 shortbow (weapon)
 b - a +1 mace of draining
 j - a +0 falchion
 n - a +0 rapier
Armour
 c - a +0 leather armour (worn)
 k - a scarf of resistance (worn)
Scrolls
 d - 3 scrolls of identify {unknown}
 e - a scroll of immolation
 f - a scroll of enchant armour {unknown}
 h - 4 scrolls of poison {unknown}
 o - a scroll of amnesia {unknown}
 p - a scroll of fear {unknown}
Potions
 g - a potion of brilliance {unknown}
 i - 2 potions of mutation {unknown}
 l - a potion of curing {unknown}
 m - a potion of degeneration {unknown}


   Skills:
 - Level 2.0 Fighting
 - Level 4.0 Ranged Weapons
 - Level 3.0 Dodging
 - Level 2.0 Stealth
 * Level 0.7 Spellcasting


You had one spell level left.
You knew the following spells:

 Your Spells              Type           Power      Damage    Failure   Level
b - Blink                 Tloc           0%         N/A       54%         2

Your spell library contained the following spells:

 Spells                   Type           Power      Damage    Failure   Level
 Lesser Beckoning         Tloc           0%         N/A       54%         2
 Momentum Strike          Conj/Tloc      0%         3d8       54%         2


Dungeon Overview and Level Annotations

Branches:
Dungeon (4/15)
 Temple: D:4-7

Annotations:
D:4 Blork the orc


Innate Abilities, Weirdness & Mutations

You have an increased reservoir of magic. (+10% MP)
You shall have no god before yourself.
Your divine heritage dramatically boosts your attributes as you level up.


Message History

The quokka bites you.
You hear a shout! x2
Fire: a) +0 shortbow
Press: ? - help, Q - select action Shift-Dir - straight line, f/p - howler monkey
Aim: a howler monkey (lightly wounded, catching its breath, 62% to hit)
You shoot an arrow. The arrow hits the howler monkey.
The howler monkey is moderately wounded.
The howler monkey misses you. The quokka barely misses you.
The howler monkey hits you! The quokka bites you.
Fire: a) +0 shortbow
Press: ? - help, Q - select action Shift-Dir - straight line, f/p - howler monkey
Aim: a howler monkey (moderately wounded, 62% to hit)
You shoot an arrow.
The arrow closely misses the howler monkey.
The howler monkey hits you. The quokka completely misses you.
Blork the orc comes into view.
He is wielding a +1 heavy battleaxe and wearing a +2 robe of fire resistance.
Fire: a) +0 shortbow
Press: ? - help, Q - select action Shift-Dir - straight line, f/p - howler monkey
Aim: a howler monkey (moderately wounded, 62% to hit)
You shoot an arrow.
The arrow closely misses the howler monkey.
The howler monkey barely misses you. The quokka misses you.
The howler monkey hoots and howls with incredible vigour!
The quokka bites you but does no damage.
The quokka attacks as you move away! The quokka bites you.
The howler monkey misses you.
The quokka twitches its whiskers.
Blork the orc points at you and mumbles some strange words.
The puff of frost hits you. You resist.
The howler monkey attacks as you move away!
The howler monkey misses you. The howler monkey hits you.
* * * LOW HITPOINT WARNING * * *
The quokka bites you.
* * * LOW HITPOINT WARNING * * *
The quokka twitches its whiskers.
The quokka attacks as you move away!
The quokka bites you but does no damage.
The howler monkey attacks as you move away!
The howler monkey hits you.
You die...

. #.#.. .# .
###.[.. . .#.
...... ...# #.#
#... .... ##)##
#.< ..## ##..o##
#.. ### ##.....##
. ....
##......r####....
#.##.
..........h@.....#
#. ..
####.......#######
# #. ##.....## ##
##...## #..## #.##
#. #.


You could see Blork the orc, a howler monkey and a quokka.

Vanquished Creatures
  3 adders
  3 dart slugs
  8 endoplasms
  3 giant cockroaches
  A goblin (D:3)
  6 hobgoblins
  3 kobolds
  3 quokkas
  4 ball pythons
  3 bats
  3 frilled lizards
  3 rats (D:1)
43 creatures vanquished.

Notes
Turn   | Place    | Note
-------+----------+-------------------------------------------
     0 | D:1      | avis the Demigod Hunter began the quest for the Orb.
     0 | D:1      | Reached XP level 1. HP: 17/17 MP: 3/3
     3 | D:1      | Noticed a minotaur skeleton
    11 | D:1      | Noticed an ogre
    15 | D:1      | Noticed an ogre
    17 | D:1      | Noticed a minotaur zombie
    21 | D:1      | Noticed an octopode
   172 | D:1      | Reached skill level 4 in Ranged Weapons
   197 | D:1      | Reached XP level 2. HP: 24/24 MP: 4/4
   412 | D:1      | Reached skill level 1 in Stealth
   952 | D:2      | You fall into a shaft and drop 1 floor!
  1134 | D:2      | Reached XP level 3. HP: 19/29 MP: 5/5
  1667 | D:3      | Learned a level 2 spell: Blink
  2390 | D:4      | Noticed Blork the orc
  2396 | D:4      | Slain by a howler monkey

Illustrated notes

Levels and vault maps discovered:
D:1:      shiori_arrival_whats_in_store_for_you, layout_rooms,
          minmay_misc_feat_alley, minmay_misc_feat_rugged,
          grunt_decor_resistance
D:2:      layout_basic
D:3:      layout_basic, nicolae_ecumenical_lake_church,
          kennysheep_generic_room_2
D:4:      layout_loops_ring, nicolae_grassy_gnolls, uniq_blork_the_orc

Skill      XL: |  1  2  3 |
---------------+----------+-----
Fighting       | 2 |  2.0
Ranged Weapons | 4 |  4.0
Dodging        | 2 3 |  3.0
Stealth        | 2 |  2.0
Spellcasting   | |  0.7

Action                     || total
---------------------------++-------
   Fire: Shortbow          ||   114
 Armour: Leather armour    ||     7
  Dodge: Dodged            ||    24

Table legend: (Time is in decaauts)
 A = Elapsed time spent in this place.
 B = Non-inter-level travel time spent in this place.
 C = Inter-level travel time spent in this place.
 D = Time resting spent in this place.
 E = Time spent auto-exploring this place.
 F = Levels seen in this place.
 G = Mean time per level.
                   A        B        C        D        E       F      G
               +--------+--------+--------+--------+--------+-----+--------+
         Total |   2437 |   2168 |    269 |     51 |   1768 |   4 |  609.2 |
       Dungeon |   2437 |   2168 |    269 |     51 |   1768 |   4 |  609.2 |
               +--------+--------+--------+--------+--------+-----+--------+

Top non-repeatable levels by time:
     D:2: 1106 daAuts
     D:3: 760 daAuts
     D:1: 550 daAuts
     D:4: 20 daAuts
